 Dungeon Crawl Stone Soup version 0.31-a0-799-g6bc09d010c (webtiles) character file.

Game seed: 9355643933411043959

513 Dirtsage the Chopper (level 7, 52/52 HPs)
             Began as a Demonspawn Berserker on Sept 19, 2023.
             Was a Priest of Trog.
             Quit the game on level 4 of the Dungeon.
             The game lasted 00:07:26 (3317 turns).

Dirtsage the Chopper (Demonspawn Berserker)         Turns: 3317, Time: 00:07:27

Health: 52/52      AC:  9    Str: 19    XL:     7   Next: 0%
Magic:  7/7        EV: 11    Int:  8    God:    Trog [***...]
Gold:   227        SH:  0    Dex: 13    Spells: 6/6 levels left

rFire   . . .        q - +0 war axe
rCold   + . .        (no shield)
rNeg    . . .        k - +3 leather armour
rPois   .            (helmet restricted)
rElec   .            (no cloak)
rCorr   .            e - +0 pair of gloves
SInv    .            (no boots)
Will    .....        (no amulet)
Stlth   +            I - ring of protection from cold
HPRegen 0.28/turn    (no ring)
MPRegen 0.10/turn

%: no passive effects
@: no status effects
A: horns 1, slimy green scales 1, powered by pain 2, demonic magic 1
a: Renounce Religion, Berserk, Trog's Hand


You were on level 4 of the Dungeon.
You worshipped Trog.
Trog was most pleased with you.
You visited 1 branch of the dungeon, and saw 6 of its levels.

You collected 227 gold pieces.

Inventory:

Hand Weapons
 q - a +0 war axe (weapon)
Armour
 e - a +0 pair of gloves (worn)
 k - a +3 leather armour (worn)
Jewellery
 I - a ring of protection from cold (left hand)
Wands
 r - a wand of roots (10)
Scrolls
 a - a scroll of torment {unknown}
 b - a scroll of amnesia {unknown}
 c - a scroll of enchant weapon
 g - 5 scrolls of teleportation {unknown}
 h - a scroll of enchant armour
 i - 6 scrolls of identify
 l - 2 scrolls of fear {unknown}
 n - a scroll of noise {unknown}
 p - a scroll of vulnerability {unknown}
 u - a scroll of blinking {unknown}
Potions
 d - 2 potions of heal wounds {unknown}
 f - a potion of magic
 j - a potion of enlightenment {unknown}
 m - a potion of degeneration {unknown}
 o - 2 potions of haste {unknown}
 s - a potion of curing {unknown}
 t - a potion of resistance {unknown}


   Skills:
 - Level 3.0 Fighting
 + Level 7.3 Axes
 - Level 1.7 Armour
 - Level 1.7 Dodging


You had 6 spell levels left.
You didn't know any spells.
Your spell library contained the following spells:

 Spells                   Type           Power      Damage    Failure   Level
 Ignite Poison            Fire/Tmut/Pois 0%         N/A       83%         3
 Sticky Flame             Conj/Fire      0%         2d3       99%         4
 Ignition                 Fire           0%         3d3       100%        8


Dungeon Overview and Level Annotations

Branches:
Dungeon (6/15)
 Temple: D:4-7

Altars:
Uskayaw
Wu Jian

Shops:
D:1 (*!(!


Innate Abilities, Weirdness & Mutations

You have a pair of small horns on your head.
You are partially covered in slimy green scales. (AC +2)
You sometimes gain power by taking damage.
Spells you cast may paralyse adjacent enemies.


Message History

An endoplasm comes into view.
The endoplasm quivers.
There is an open door here.
You hit the endoplasm.
You kill the endoplasm!
Trog accepts your kill.
No target in view!
No target in view!
There is an open door here.
There is an open door here.
You see here a hobgoblin skeleton.
There is an open door here.
There is an open door here.
Found a stone staircase leading up.
A hobgoblin comes into view.
The hobgoblin shouts!
You hit the hobgoblin.
The hobgoblin is heavily wounded.
The hobgoblin hits you but does no damage.
You slash the hobgoblin!
You kill the hobgoblin!
Trog accepts your kill.
No target in view!
No target in view!
A ball python comes into view.
A ball python is nearby!
The ball python barely misses you. The ball python grabs you.
The ball python constricts you.
You barely miss the ball python. The ball python barely misses you.
The ball python constricts you.
You hit the ball python but do no damage.
You headbutt the ball python.
You kill the ball python!
Trog accepts your kill.
You have reached level 7!
Your demonic ancestry asserts itself...
A menacing aura infuses your magic.
Health restored: 52; MP restored: 7 Unknown command.
Are you sure you want to abandon this character and quit the game? (Confirm with "yes".)

#...# ##............
..+.............
...#............. ###
#..##..##..###...
##..##..##..##..###+##
#...........#.........
#...........#.........
#...........#.........
#....@......#.........
###.###.###..##...###..
....###.###..##...#####
#.............#....'...
#.............#....#...
#.............#....#...
##########...##....##..
#######...##..รท.##..
#...%...........##..


There were no monsters in sight!

Vanquished Creatures
  Duvessa (D:5)
  A centaur (D:6)
  Dowan (D:5)
  A hound (D:6)
  A jelly (D:5)
  An orc priest (D:3)
  An orc wizard (D:6)
  An iguana (D:6)
  A gnoll (D:4)
  2 adders
  A dart slug (D:3)
  8 orcs
  5 endoplasms
  6 giant cockroaches
  10 hobgoblins
  2 jackals (D:1)
  6 quokkas
  12 ball pythons
  9 bats
  4 frilled lizards
  9 goblins
  4 kobolds
  8 rats
95 creatures vanquished.

Vanquished Creatures (others)
  An iguana (D:3)
1 creature vanquished.

Grand Total: 96 creatures vanquished

Notes
Turn   | Place    | Note
-------+----------+-------------------------------------------
     0 | D:1      | Dirtsage the Demonspawn Berserker began the quest for the
                  | Orb.
     0 | D:1      | Reached XP level 1. HP: 18/18 MP: 1/1
    92 | D:1      | Reached skill level 3 in Axes
   123 | D:1      | Gained mutation: You are partially covered in slimy green
                  | scales. (AC +2) [demonic ancestry]
   123 | D:1      | Reached XP level 2. HP: 22/24 MP: 2/2
   171 | D:1      | Found Wufaetwi's Distillery.
   187 | D:1      | Found Kakinu's Weapon Boutique.
   312 | D:1      | Found Faoxt's General Store.
   345 | D:1      | Found Teh Seoc's Distillery.
   421 | D:1      | Gained mutation: You have a pair of small horns on your
                  | head. [demonic ancestry]
   421 | D:1      | Reached XP level 3. HP: 28/29 MP: 3/3
   454 | D:1      | Reached ** piety under Trog
   531 | D:1      | Found Tavviocw's Antique Weapon Boutique.
   773 | D:2      | Reached skill level 4 in Axes
  1644 | D:3      | Gained mutation: You sometimes gain a little power by
                  | taking damage. [demonic ancestry]
  1644 | D:3      | Reached XP level 4. HP: 35/35 MP: 4/4
  1654 | D:3      | Found a hide-covered altar of Uskayaw.
  1936 | D:3      | Reached skill level 5 in Axes
  2171 | D:3      | Found an ornate altar of the Wu Jian Council.
  2304 | D:3      | Gained mutation: You sometimes gain power by taking damage.
                  | [demonic ancestry]
  2304 | D:3      | Reached XP level 5. HP: 39/41 MP: 5/5
  2417 | D:4      | You fall into a shaft and drop 2 floors!
  2441 | D:6      | Noticed a centaur
  2448 | D:6      | Reached skill level 6 in Axes
  2449 | D:6      | Reached *** piety under Trog
  2452 | D:6      | Killed a centaur
  2453 | D:6      | Reached XP level 6. HP: 47/47 MP: 6/6
  2719 | D:5      | Entered Level 5 of the Dungeon
  2740 | D:5      | Noticed Dowan
  2741 | D:5      | Noticed Duvessa
  2748 | D:5      | Killed Duvessa
  2750 | D:5      | Killed Dowan
  2751 | D:5      | Reached skill level 7 in Axes
  3317 | D:4      | Gained mutation: Spells you cast may paralyse adjacent
                  | enemies. [demonic ancestry]
  3317 | D:4      | Reached XP level 7. HP: 52/52 MP: 7/7
  3317 | D:4      | Quit the game

Illustrated notes

Levels and vault maps discovered:
D:1:      wander_arrival_desolate, layout_rooms, serial_glass, glass_columns_a,
          glass_columns_b, serial_shops, nicolae_shop_just_a_little_nook,
          nicolae_shop_crystal, shop, nicolae_shop_pleasant_corner_grove, shop,
          minmay_misc_feat_pillars
D:2:      layout_basic, basic_altar
D:3:      layout_basic, mainiacjoe_overflow_two_lobes,
          mainiacjoe_overflow_paths, minmay_misc_feat_square
D:4:      layout_gridville, minmay_quantized, uniq_menkaure
D:5:      layout_basic, mainiacjoe_overflow_alcove_2, amcnicky_mini_pool_small,
          grunt_ministairs_14, uniq_grinder, uniq_duvessa
D:6:      layout_basic, minmay_temple_entry_ruins, uniq_eustachio

Skill      XL: |  1  2  3  4  5  6 |
---------------+-------------------+-----
Axes           | 3 4 5 6 7 |  7.3
Fighting       | |  3.0
Armour         | |  1.7
Dodging        | |  1.7

Action                     |  1- 3 |  4- 6 |  7- 9 || total
---------------------------+-------+-------+-------++-------
  Melee: Hand axe          |   143 |    84 |       ||   227
         Punch             |     4 |       |       ||     4
         Headbutt          |     7 |    25 |       ||    32
         War axe           |       |    51 |       ||    51
 Invoke: Berserk           |       |     3 |       ||     3
    Use: Scroll            |     3 |       |       ||     3
   Stab: Sleeping          |       |     1 |       ||     1
 Armour: Animal skin       |    50 |       |       ||    50
         Ring mail         |    29 |     6 |       ||    35
         Leather armour    |       |    77 |       ||    77
  Dodge: Dodged            |   110 |    82 |       ||   192

Table legend: (Time is in decaauts)
 A = Elapsed time spent in this place.
 B = Non-inter-level travel time spent in this place.
 C = Inter-level travel time spent in this place.
 D = Time resting spent in this place.
 E = Time spent auto-exploring this place.
 F = Levels seen in this place.
 G = Mean time per level.
                   A        B        C        D        E       F      G
               +--------+--------+--------+--------+--------+-----+--------+
         Total |   3359 |   3198 |    161 |    107 |   2467 |   6 |  559.8 |
       Dungeon |   3359 |   3198 |    161 |    107 |   2467 |   6 |  559.8 |
               +--------+--------+--------+--------+--------+-----+--------+

Top non-repeatable levels by time:
     D:2: 999 daAuts
     D:3: 781 daAuts
     D:1: 588 daAuts
     D:4: 563 daAuts
     D:6: 305 daAuts
     D:5: 121 daAuts
